 Dungeon Crawl Stone Soup version 0.24.0-1-gfbc8707 (webtiles) character file.

Game seed: 11645380813336675634, levelgen mode: deterministic

16 Charmandara the Digger (level 2, 0/19 HPs)
             Began as a Formicid Earth Elementalist on Oct 26, 2019.
             Slain by a quokka (3 damage)
             ... on level 2 of the Dungeon.
             The game lasted 00:00:52 (310 turns).

Charmandara the Digger (Formicid Earth Elementalist) Turns: 310, Time: 00:00:52

Health: 0/19       AC:  2    Str: 12    XL:     2   Next: 70%
Magic:  0/5        EV: 12    Int: 14    God:
Gold:   12         SH:  0    Dex: 11    Spells: 4/5 levels left

rFire    . . .     SeeInvis +   f - -2 spear (curse)
rCold    . . .     Gourm    .   (no shield)
rNeg     . . .     Faith    .   c - +0 robe
rPois    .         Spirit   .   (helmet unavailable)
rElec    .         Reflect  .   (no cloak)
rCorr    .         Harm     .   (no gloves)
MR       .....                  (no boots)
Stlth    ++........             (no amulet)
HPRegen  0.06/turn              (no ring)
MPRegen  0.09/turn              (no ring)

@: no status effects
A: permanent stasis, dig shafts and tunnels, four strong arms, antennae 3
a: Dig, Shaft Self


You were on level 2 of the Dungeon.
You were not hungry.

You visited 1 branch of the dungeon, and saw 2 of its levels.

You collected 12 gold pieces.

Inventory:

Hand Weapons
 f - a cursed -2 spear (weapon)
   (You found it on level 1 of the Dungeon)
Missiles
 b - 21 stones (quivered)
Armour
 c - a +0 robe (worn)
Potions
 a - a potion of curing
Comestibles
 d - a ration
 g - 2 chunks of flesh {@w0}


   Skills:
 - Level 1.7 Dodging
 - Level 2.4 Stealth
 - Level 2.1 Spellcasting
   Level 1.1 Transmutations
 + Level 4.6 Earth Magic


You had 4 spell levels left.
You knew the following spells:

 Your Spells              Type           Power        Failure   Level  Hunger
a - Sandblast             Erth           ##....       3%          1    #......

Your spell library contained the following spells:

 Spells                   Type           Power        Failure   Level  Hunger
 Passwall                 Tmut/Erth      #.......     11%         2    ###....
 Stone Arrow              Conj/Erth      #.....       26%         3    ###....
 Petrify                  Tmut/Erth      #.......     56%         4    #####..
 Lee's Rapid Deconstruct  Erth           ##........   67%         5    ######.


Dungeon Overview and Level Annotations

Branches:
Dungeon (1/15)

Altars:


Innate Abilities, Weirdness & Mutations

You cannot be hasted, slowed, berserked, paralysed or teleported.
You can dig through walls and to a lower floor.
Your four strong arms can wield two-handed weapons with a shield.
You have a pair of large antennae on your head. (SInv)


Message History

The blast of sand hits the hobgoblin!
You kill the hobgoblin!
b - 28 stones You now have 4/5 mp.
Unknown command.
Okay, then.
You see here a hobgoblin corpse.
You butcher the hobgoblin corpse.
g - 2 chunks of flesh {@w0} You see here a hobgoblin skeleton.
h - a scroll labeled RASHRI DIDUKA Health restored: 19; MP restored: 5 You now have 12 gold pieces (gained 6).
You fall into a shaft and drop 1 floor!
The shaft crumbles and collapses.
A jackal comes into view.
The jackal barks!
A jackal comes into view.
The jackal barks!
A jackal comes into view.
The jackal barks!
A jackal comes into view.
Unknown command.
Aim: a jackal The blast of sand hits the jackal!
You kill the jackal!
b - 27 stones You now have 4/5 mp.
Unknown command.
Aim: a jackal The blast of sand hits the jackal!
You kill the jackal!
b - 26 stones A quokka comes into view.
An ooze comes into view.
You now have 3/5 mp.
Unknown command.
Aim: a jackal The blast of sand misses the jackal.
b - 25 stones The jackal misses you.
You now have 2/5 mp.
Unknown command.
Aim: a jackal The blast of sand misses the jackal.
b - 24 stones You now have 1/5 mp.
Aim: a jackal The blast of sand hits the jackal but does no damage.
b - 23 stones The jackal closely misses you.
The jackal bites you. The jackal closely misses you.
You take 3 damage, and have 16/19 hp.
You now have 0/5 mp.
Unknown command.
You hit the jackal but do no damage. The jackal bites you.
The jackal bites you but does no damage. x2
You take 1 damage, and have 15/19 hp.
The jackal bites you but does no damage.
The jackal barely misses you.
As you read the scroll labeled ONNACL FOJUAD, it crumbles to dust.
It is a scroll of identify.
a - a potion of curing The jackal bites you.
You take 3 damage, and have 13/19 hp.
As you read the scroll labeled RASHRI DIDUKA, it crumbles to dust.
It is a scroll of enchant weapon.
Your cursed -3 spear glows red for a moment.
The jackal closely misses you.
You hit the jackal but do no damage. The jackal closely misses you.
The jackal bites you.
You take 1 damage, and have 12/19 hp.
The jackal bites you but does no damage.
Aim: a jackal The blast of sand hits the jackal!
You kill the jackal!
b - 22 stones You now have 0/5 mp.
Unknown command.
You don't have enough magic to cast that spell.
Unknown command.
You hit the quokka. The quokka closely misses you.
The quokka barely misses you.
You completely miss the quokka. The quokka closely misses you.
You hit the quokka. The quokka bites you.
You take 4 damage, and have 8/19 hp.
MASSIVE DAMAGE!!
The quokka bites you.
* * * LOW HITPOINT WARNING * * *
You take 5 damage, and have 3/19 hp.
MASSIVE DAMAGE!!
Aim: a quokka (moderately wounded)
The blast of sand hits the quokka.
b - 21 stones The quokka barely misses you.
You now have 0/5 mp.
Unknown command.
You hit the quokka but do no damage. The quokka bites you.
* * * LOW HITPOINT WARNING * * *
The quokka misses you.
You closely miss the quokka. The quokka bites you.
You die...

#.#......###
#.#........
#.##.#.#.##
##†#.......##
#....#......#
#..#...J....#
#..##.#h#.#.#
#.hh†.#r#
#..####@#
#..# #.# #..#
#.# ...# #.#
{ #..## #.#
#.. #.. #..
#.# #.#


You could see an ooze, a quokka and a jackal.

Vanquished Creatures
  An ooze (D:1)
  A dart slug (D:1)
  A ball python (D:1)
  A hobgoblin (D:1)
  3 jackals (D:2)
  A kobold (D:1)
8 creatures vanquished.

Notes
Turn   | Place    | Note
-------+----------+-------------------------------------------
     0 | D:1      | Charmandara the Formicid Earth Elementalist began the quest
                  | for the Orb.
     0 | D:1      | Reached XP level 1. HP: 13/13 MP: 3/3
    46 | D:1      | Reached skill level 4 in Earth Magic
    46 | D:1      | Reached XP level 2. HP: 19/19 MP: 3/5
   285 | D:1      | You fall into a shaft and drop 1 floor!
   304 | D:2      | HP: 3/19 [quokka (5)]
   309 | D:2      | HP: 3/19 [quokka (1)]
   310 | D:2      | Slain by a quokka

Levels and vault maps discovered:
D:1:      dpeg_arrival_ternary, layout_loops_cross
D:2:      cheibrodos_fertilizer, layout_loops_ring, kennysheep_vampire_church,
          overflow_temple_1_default, nicolae_ru_the_path_less_chosen,
          first_ration, uniq_jessica

Skill      XL: |  1 |
---------------+----+-----
Earth Magic    | 4 |  4.6
Dodging        | |  1.7
Stealth        | |  2.4
Spellcasting   | |  2.1
Transmutations | |  1.1

Action                   || total
-------------------------++-------
Melee: Spear             ||     8
 Cast: Sandblast         ||    13
  Use: Scroll            ||     2
Armor: Robe              ||     4
Dodge: Dodged            ||    14

Levels and vault maps discovered:
D:1:      dpeg_arrival_ternary, layout_loops_cross
D:2:      cheibrodos_fertilizer, layout_loops_ring, kennysheep_vampire_church,
          overflow_temple_1_default, nicolae_ru_the_path_less_chosen,
          first_ration, uniq_jessica

Table legend:
 A = Turns spent in this place as a percentage of turns spent in the entire game.
 B = Non-inter-level travel turns spent in this place as a percentage of non-inter-level travel turns spent in the entire game.
 C = Inter-level travel turns spent in this place as a percentage of turns spent in this place.
 D = Turns resting spent in this place as a percentage of non-inter-level travel turns spent in this place.
 E = Turns spent auto-exploring this place as a percentage of non-inter-level travel turns spent in this place.
 F = Non-inter-level travel turns spent in this place divided by the number of levels of this place that you've seen.
                   A       B       C       D       E      F
               +-------+-------+-------+-------+-------+----------------------
         Total | 100.0 | 100.0 |   0.0 |   0.0 |  76.8 | 155.0
       Dungeon | 100.0 | 100.0 |   0.0 |   0.0 |  76.8 | 155.0
               +-------+-------+-------+-------+-------+----------------------

Table legend:
 A = Kills in this place as a percentage of kills in entire the game.
 B = Kills by you in this place as a percentage of kills by you in the entire game.
 C = Kills by friends in this place as a percentage of kills by friends in the entire game.
 D = Other kills in this place as a percentage of other kills in the entire game.
 E = Experience gained in this place as a percentage of experience gained in the entire game.
 F = Experience gained in this place divided by the number of levels of this place that you have seen.
                   A       B       C       D       E      F
               +-------+-------+-------+-------+-------+----------------------
         Total | 100.0 | 100.0 |   N/A |   N/A | 100.0 |  11.5
       Dungeon | 100.0 | 100.0 |   N/A |   N/A | 100.0 |  11.5
               +-------+-------+-------+-------+-------+----------------------
